Workbook
Name Tabla_Salarios: Hoja1!$A$1:$B$34

Sheet RESUMEN
A2: Anexo 2. Resumen verificación de experiencia habilitante del proponente
A3: Proponente | B3: Valor total en SMMLV | C3: Cumple / No cumple
A4: Invictus Ideas que conectan voluntades S.A.S | B4: ='Invictus S.A.S'!X12 -> 1033.4571 | C4: ='Invictus S.A.S'!H16 -> CUMPLE
A5: Fundación Internacional de Pedagogía Conceptual Alberto Merani | B5: ='Fundación Alberto M.'!X12 -> 54314.706 | C5: ='Fundación Alberto M.'!H15 -> CUMPLE
A6: Consorcio AID-2023 | B6: ='Consorcio AID-2023'!X14 -> 1462.8691 | C6: ='Consorcio AID-2023'!H18 -> CUMPLE
A7: Amelia Perdomo de García, APG, Paz & Reconciliación | B7: ='APG, Paz & Reconciliación'!X14 -> 1342.08 | C7: ='APG, Paz & Reconciliación'!H18 -> CUMPLE
A8: Unión Temporal Plan Jaramillo | B8: ='Unión Temporal Plan Jaramillo'!Z16 -> 1971.59 | C8: ='Unión Temporal Plan Jaramillo'!H20 -> CUMPLE
A9: Ikala S.A.S BID | B9: ='Ikala S.A.S BID'!X15 -> 2479.2999 | C9: ='Ikala S.A.S BID'!H19 -> CUMPLE
A10: Analytica MSE S.A.S BIC | B10: ='Analytica MSE S.A.S BIC'!X14 -> 2147.2015 | C10: ='Analytica MSE S.A.S BIC'!H17 -> CUMPLE
A13: Presupuesto oficial en SMMLV | B13: 929.98
A14: Presupuesto oficial en SMMLV (Criterio diferencial) | B14: 836.982

Sheet Invictus S.A.S
A1: Anexo 2. Verificación de experiencia habilitante del proponente - Pestaña Invictus S.A.S Versión 2.0 - Definitivo
B4: A | C4: Realización de estudios o investigaciones de caracterización municipal; o caracterización socioeconómica; o diagnósticos territoriales; que hayan implicado el procesamiento y análisis de información, aplicando técnicas de tipo cualitativo y/o cuantitativo y/o documental (encuestas, entrevistas, sesiones de grupo y revisión de información secundaria). Esta experiencia específica no exige que sea particular de una rama o sector de la economía.
B5: B | C5: Realización de estudios o investigaciones regionales o locales relacionados con: derechos humanos; o acceso a la justicia; o paz y reconciliación; o violencias basadas en género; o conflictividades; o resolución de conflictos; o diálogo institucional y social; o enfoque diferencial. Esta experiencia específica exige que tenga énfasis en los asuntos señalados.
B6: C | C6: Formulación o actualización o fortalecimiento o implementación o seguimiento del plan estratégico o plan de acción institucional o sectorial; o análisis prospectivo y de planeación estratégica. Esta experiencia específica no exige que sea particular de una rama o sector de la economía.
B7: D | C7: Formulación o actualización o implementación o seguimiento o evaluación de políticas públicas o programas, que dentro de su alcance o actividades contemplen temáticas asociadas con derechos humanos; o construcción de paz; o enfoque diferencial.
Q9: Verificación evaluación preliminar | U9: Verificación evaluación definitiva
A10: No. | B10: Tipo de experiencia (colocar letra) | C10: 1) Empresa o entidad contratante | D10: 2) Empresa o entidad contratista | E10: 3) Firma integrante que reporta la experiencia (en caso de unión temporal o consorcio) * | F10: 4) % de participación | G10: 5) Objeto del contrato | H10: 6) Número consecutivo de inscripción en RUP | I10: 7) Código con el cual se encuentra registrado el contrato en el RUP | J10: 8) Fecha de inicio | K10: 9) Fecha de terminación | L10: Año | M10: SMLMV | N10: 10) Valor total del contrato ejecutado expresado en pesos incluido I.V.A. | O10: 11). Valor total del contrato ejecutado en SMMLV | P10: Valor en SMMLV en % participación | Q10: Multas o sanciones | R10: Observaciones | S10: Cumple/No cumple | U10: Repuesta del proponente Subsanación | V10: Comentarios | W10: Cumple / No cumple | X10: Valor en SMMLV
A11: 1 | B11: B | C11: SierraCol Energy Condor Llc | D11: INVICTUS IDEAS QUE CONECTAN VOLUNTADES S.A.S | E11: No aplica | F11: 1 | G11: Servicio de análisis integral de información, de riesgos sociopolíticos, de seguridad, administración de alertas tempranas, y servicio de gobernanza de riesgos en DDHH. | H11: 8_x000D_ | I11: 801015 801016 811315 931415 931421 | J11: 44119 | K11: 44804 | L11: 2022 | M11: =+VLOOKUP(L11,Tabla_Salarios,2,FALSE) -> 1000000 | N11: 1033457088 | O11: =+N11/M11 -> 1033.4571 | P11: =+O11*F11 -> 1033.4571 | Q11: NO | R11: No se generó ninguna observación. | S11: CUMPLE | U11: No aplica | V11: No se generó ninguna observación. | W11: CUMPLE | X11: =+IF(W11="CUMPLE",P11,0) -> 1033.4571
A12: VALORES TOTALES | P12: =SUM(P11) -> 1033.4571 | X12: =SUM(X11) -> 1033.4571
E16: Verificación | H16: CUMPLE
E17: *Verificar que Valores totales sea igual o mayor a 929,98 SMLMV

Sheet Fundación Alberto M.
A1: Anexo 2. Verificación de experiencia habilitante del proponente - Pestaña Fundación Alberto Merani Versión 2.0 - Definitivo
B4: A | C4: Realización de estudios o investigaciones de caracterización municipal; o caracterización socioeconómica; o diagnósticos territoriales; que hayan implicado el procesamiento y análisis de información, aplicando técnicas de tipo cualitativo y/o cuantitativo y/o documental (encuestas, entrevistas, sesiones de grupo y revisión de información secundaria). Esta experiencia específica no exige que sea particular de una rama o sector de la economía.
B5: B | C5: Realización de estudios o investigaciones regionales o locales relacionados con: derechos humanos; o acceso a la justicia; o paz y reconciliación; o violencias basadas en género; o conflictividades; o resolución de conflictos; o diálogo institucional y social; o enfoque diferencial. Esta experiencia específica exige que tenga énfasis en los asuntos señalados.
B6: C | C6: Formulación o actualización o fortalecimiento o implementación o seguimiento del plan estratégico o plan de acción institucional o sectorial; o análisis prospectivo y de planeación estratégica. Esta experiencia específica no exige que sea particular de una rama o sector de la economía.
B7: D | C7: Formulación o actualización o implementación o seguimiento o evaluación de políticas públicas o programas, que dentro de su alcance o actividades contemplen temáticas asociadas con derechos humanos; o construcción de paz; o enfoque diferencial.
Q9: Verificación evaluación preliminar | U9: Verificación evaluación definitiva
A10: No. | B10: Tipo de experiencia (colocar letra) | C10: 1) Empresa o entidad contratante | D10: 2) Empresa o entidad contratista | E10: 3) Firma integrante que reporta la experiencia (en caso de unión temporal o consorcio) * | F10: 4) % de participación | G10: 5) Objeto del contrato | H10: 6) Número consecutivo de inscripción en RUP | I10: 7) Código con el cual se encuentra registrado el contrato en el RUP | J10: 8) Fecha de inicio | K10: 9) Fecha de terminación | L10: Año | M10: SMLMV | N10: 10) Valor total del contrato ejecutado expresado en pesos incluido I.V.A. | O10: 11). Valor total del contrato ejecutado en SMMLV | P10: Valor en SMMLV en % participación | Q10: Multas o sanciones | R10: Observaciones | S10: Cumple/No cumple | U10: Repuesta del proponente Subsanación | V10: Comentarios | W10: Cumple / No cumple | X10: Valor en SMMLV
A11: 1 | B11: A | C11: MINISTERIO DE TECNOLOGÍAS DE LA INFORMACIÓN Y LAS COMUNICACIONES | D11: UNIÓN TEMPORAL MERANI BT | E11: Fundación Internacional de Pedagogía Conceptual Alberto Merani | F11: 0.6 | G11: Efectuar el Diseño, Implementación y ejecución de la estrategia de apertura, administración, operación y promoción como Centros de Acceso Comunitario a Internet de Establecimientos Educativos Públicos beneficiarios del Programa Compartel de Conectividad en Banda Ancha en la Región 3, que comprende los departamentos de: ARAUCA, CASANARE, HUILA, META, NORTE DE SANTANDER, SANTANDER Y TOLIMA | H11: 21 | I11: 80101600 81131500 93141500 93142100 | J11: 39826 | K11: 40771 | L11: 2011 | M11: =+VLOOKUP(L11,Tabla_Salarios,2,FALSE) -> 535600 | N11: 4.8484928e+10 | O11: =+N11/M11 -> 90524.51 | P11: =+O11*F11 -> 54314.706 | Q11: NO | R11: No se generó ninguna observación. | S11: CUMPLE | U11: No aplica | V11: No se generó ninguna observación. | W11: CUMPLE | X11: =+IF(W11="CUMPLE",P11,0) -> 54314.706
A12: VALORES TOTALES | P12: =SUM(P11) -> 54314.706 | X12: =SUM(X11) -> 54314.706
E15: Verificación | H15: CUMPLE
E16: *Verificar que Valores totales sea igual o mayor a 929,98 SMLMV

Sheet Consorcio AID-2023
A1: Anexo 2. Verificación de experiencia habilitante del proponente - Pestaña Consorcio AID 2023 Versión 2.0 - Definitivo
B4: A | C4: Realización de estudios o investigaciones de caracterización municipal; o caracterización socioeconómica; o diagnósticos territoriales; que hayan implicado el procesamiento y análisis de información, aplicando técnicas de tipo cualitativo y/o cuantitativo y/o documental (encuestas, entrevistas, sesiones de grupo y revisión de información secundaria). Esta experiencia específica no exige que sea particular de una rama o sector de la economía.
B5: B | C5: Realización de estudios o investigaciones regionales o locales relacionados con: derechos humanos; o acceso a la justicia; o paz y reconciliación; o violencias basadas en género; o conflictividades; o resolución de conflictos; o diálogo institucional y social; o enfoque diferencial. Esta experiencia específica exige que tenga énfasis en los asuntos señalados.
B6: C | C6: Formulación o actualización o fortalecimiento o implementación o seguimiento del plan estratégico o plan de acción institucional o sectorial; o análisis prospectivo y de planeación estratégica. Esta experiencia específica no exige que sea particular de una rama o sector de la economía.
B7: D | C7: Formulación o actualización o implementación o seguimiento o evaluación de políticas públicas o programas, que dentro de su alcance o actividades contemplen temáticas asociadas con derechos humanos; o construcción de paz; o enfoque diferencial.
Q9: Verificación evaluación preliminar | U9: Verificación evaluación definitiva
A10: No. | B10: Tipo de experiencia (colocar letra) | C10: 1) Empresa o entidad contratante | D10: 2) Empresa o entidad contratista | E10: 3) Firma integrante que reporta la experiencia (en caso de unión temporal o consorcio) * | F10: 4) % de participación | G10: 5) Objeto del contrato | H10: 6) Número consecutivo de inscripción en RUP | I10: 7) Código con el cual se encuentra registrado el contrato en el RUP | J10: 8) Fecha de inicio | K10: 9) Fecha de terminación | L10: Año | M10: SMLMV | N10: 10) Valor total del contrato ejecutado expresado en pesos incluido I.V.A. | O10: 11). Valor total del contrato ejecutado en SMMLV | P10: Valor en SMMLV en % participación | Q10: Multas o sanciones | R10: Observaciones | S10: Cumple / No cumple | U10: Repuesta del proponente Subsanación | V10: Comentarios | W10: Cumple / No cumple | X10: Valor en SMMLV
A11: 1 | B11: A | C11: Pontificia Universidad Javeriana | D11: Organización y Gestión de Proyectos Deproyectos SAS | E11: No aplica | F11: 1 | G11: Contrato de prestación de servicios para el levantamiento, procesamiento y análisis de información para la identificación, caracterización, valoración de los medios de vida y contextos de vulnerabilidad de los pobladores de la cuenca media y alta del Río Cauca, en el marco del convenio CT-2019-000585 con EPM | H11: 90 | I11: 801015 801016 811315 931415 | J11: 25/0/2020 | K11: 44189 | L11: 2020 | M11: =+VLOOKUP(L11,Tabla_Salarios,2,FALSE) -> 877803 | N11: 800000000 | O11: =+N11/M11 -> 911.36622 | P11: =+O11*F11 -> 911.36622 | Q11: En el formato 20, el proponente marcó simultáneamente las opciones afirmativa y negativa frente a ser receptor de multas o sanciones. Ambigüedad debe aclararse. | R11: No se generó observaciones. | S11: NO CUMPLE | U11: Subsanó. | V11: El proponente ajustó el formato 20. | W11: CUMPLE | X11: =+IF(W11="CUMPLE",P11,0) -> 911.36622
A12: 2 | B12: C | C12: Organización Internacional para los Migrantes - OIM - | D12: Avance Organizacional Consultores Ltda. | E12: No aplica | F12: 1 | G12: Aplicar estrategias de crecimiento institucional e incrementar la capacidad de los funcionarios para tomar decisiones efectivas y solucionar problemas en equipo , destacando la importancia del sistema integrado de gestión como actor facilitador del cambio. | H12: 16 | I12: 801015 801016 811315 931415 | J12: 41772 | K12: 41942 | L12: 2014 | M12: =+VLOOKUP(L12,Tabla_Salarios,2,FALSE) -> 616000 | N12: 250000000 | O12: =+N12/M12 -> 405.84416 | P12: =+O12*F12 -> 405.84416 | Q12: En el formato 20, el proponente marcó simultáneamente las opciones afirmativa y negativa frente a ser receptor de multas o sanciones. Ambigüedad debe aclararse. | R12: El objeto del contrato no se acompasa frente al tipo de experiencia que se aportó. Se desconoce si el clausulado se ajusta a la experiencia requerida. Se requiere aportar el contrato, para contar con referentes más ciertos y determinar con claridad. | S12: NO CUMPLE | U12: Subsanó. | V12: Ajustó el formato 20. Aportó copia del contrato, el cual prevé actividades de proposición e implementación de un programa de cultura y clima organizacional y gestión del cambio integrado con el plan de acción del Sistema Integrado de Gestión de la Unidad de Restitución de Tierras. | W12: CUMPLE | X12: =+IF(W12="CUMPLE",P12,0) -> 405.84416
A13: 3 | B13: B | C13: Distrito Capital - Secretaria Distrital de Planeación | D13: Consorcio Depin 004-2'21 | E13: Organización y Gestión de Proyectos Deproyectos SAS Cortes Asociados Investigaciones Económicas SAS | F13: 1 | G13: Identificar las violencias hacia las personas trans con capacidad gestante, en el marco de su salud sexual y reproductiva, para establecer los protocolos de atención en la "ruta institucional de casos de atención a vulneración de derechos de los sectores sociales LGTBI" | H13: 109 | I13: 801015 801016 811315 931415 | J13: 44530 | K13: 44671 | L13: 2022 | M13: =+VLOOKUP(L13,Tabla_Salarios,2,FALSE) -> 1000000 | N13: 145658678 | O13: =+N13/M13 -> 145.65868 | P13: =+O13*F13 -> 145.65868 | Q13: En el formato 20, el proponente marcó simultáneamente las opciones afirmativa y negativa frente a ser receptor de multas o sanciones. Ambigüedad debe aclararse. | R13: No se especificó el número consecutivo de inscripción en el RUP de la experiencia reputada de Cortés Asociados Investigaciones Económicas S. A. S. | S13: NO CUMPLE | U13: Subsanó. | V13: Ajustó el formato 20. | W13: CUMPLE | X13: =+IF(W13="CUMPLE",P13,0) -> 145.65868
A14: VALORES TOTALES | P14: =SUM(P11:P13) -> 1462.8691 | X14: =SUM(X11:X13) -> 1462.8691
E18: Verificación | H18: CUMPLE
E19: *Verificar que Valores totales sea igual o mayor a 929,98 SMLMV

Sheet APG, Paz & Reconciliación
A1: Anexo 2. Verificación de experiencia habilitante del proponente - Pestaña APG, Paz & Reconciliación Versión 2.0 - Definitivo
B4: A | C4: Realización de estudios o investigaciones de caracterización municipal; o caracterización socioeconómica; o diagnósticos territoriales; que hayan implicado el procesamiento y análisis de información, aplicando técnicas de tipo cualitativo y/o cuantitativo y/o documental (encuestas, entrevistas, sesiones de grupo y revisión de información secundaria). Esta experiencia específica no exige que sea particular de una rama o sector de la economía.
B5: B | C5: Realización de estudios o investigaciones regionales o locales relacionados con: derechos humanos; o acceso a la justicia; o paz y reconciliación; o violencias basadas en género; o conflictividades; o resolución de conflictos; o diálogo institucional y social; o enfoque diferencial. Esta experiencia específica exige que tenga énfasis en los asuntos señalados.
B6: C | C6: Formulación o actualización o fortalecimiento o implementación o seguimiento del plan estratégico o plan de acción institucional o sectorial; o análisis prospectivo y de planeación estratégica. Esta experiencia específica no exige que sea particular de una rama o sector de la economía.
B7: D | C7: Formulación o actualización o implementación o seguimiento o evaluación de políticas públicas o programas, que dentro de su alcance o actividades contemplen temáticas asociadas con derechos humanos; o construcción de paz; o enfoque diferencial.
Q9: Verificación evaluación preliminar | U9: Verificación evaluación definitiva
A10: No. | B10: Tipo de experiencia (colocar letra) | C10: 1) Empresa o entidad contratante | D10: 2) Empresa o entidad contratista | E10: 3) Firma integrante que reporta la experiencia (en caso de unión temporal o consorcio) * | F10: 4) % de participación | G10: 5) Objeto del contrato | H10: 6) Número consecutivo de inscripción en RUP | I10: 7) Código con el cual se encuentra registrado el contrato en el RUP | J10: 8) Fecha de inicio | K10: 9) Fecha de terminación | L10: Año | M10: SMLMV | N10: 10) Valor total del contrato ejecutado expresado en pesos incluido I.V.A. | O10: 11). Valor total del contrato ejecutado en SMMLV | P10: Valor en SMMLV en % participación | Q10: Multas o sanciones | R10: Observaciones | S10: Cumple/No cumple | U10: Repuesta del proponente Subsanación | V10: Comentarios | W10: Cumple / No cumple | X10: Valor en SMMLV
A11: 1 | B11: B | C11: Ministerio de Justicia y del Derecho | D11: Fundación Liborio Mejía | E11: No aplica | F11: 1 | G11: Se compromete para con el ministerio a realizar un diagnóstico del desarrollo que ha tenido la figura de la Mediación en el Territorio Nacional, ejecutando una primera fase en las ciudades de Bogotá, Medellín, Cali y Cartagena | H11: 17 | I11: 801015 801016 931415 931421 | J11: 20 de Octubre 2019 | K11: 31 de Diciembre 2019 | L11: 2019 | M11: 828116 | N11: 231715000 | O11: 279.8 | P11: =+O11*F11 -> 279.8 | Q11: En el formato 20, el postulante marcó simultáneamente las opciones afirmativa y negativa frente a ser receptor de multas o sanciones. Ambigüedad debe aclararse. | R11: No se generó obsevaciones | S11: NO CUMPLE | U11: Subsanó. | V11: Aporta formato 20 diligenciado, indicando que no tiene multas o sanciones | W11: CUMPLE | X11: =+IF(W11="CUMPLE",P11,0) -> 279.8
A12: 2 | B12: B | C12: Ministerio de Justicia y del Derecho | D12: Fundación Liborio Mejía | E12: No aplica | F12: 1 | G12: En virtud del presente contrato el contratista se compromete con el ministerio a "Realizar un Diagnóstico del desarrollo que ha tenido la figura de la Mediación Rural en el Territorio Nacional. | H12: 7 | I12: 801015 801016 931415 931421 | J12: 27 de Junio 2021 | K12: 15 de Diciembre 2021 | L12: 2021 | M12: 908526 | N12: 191120000 | O12: 210.36 | P12: =+O12*F12 -> 210.36 | Q12: En el formato 20, el postulante marcó simultáneamente las opciones afirmativa y negativa frente a ser receptor de multas o sanciones. Ambigüedad debe aclararse. | R12: No se generó obsevaciones | S12: NO CUMPLE | U12: Subsanó. | V12: Aporta formato 20 diligenciado, indicando que no tiene multas o sanciones | W12: CUMPLE | X12: =+IF(W12="CUMPLE",P12,0) -> 210.36
A13: 3 | B13: D | C13: Ministerio de Justicia y del Derecho | D13: Fundación Liborio Mejía | E13: No aplica | F13: 1 | G13: “Prestar al Ministerio de Justicia y del Derecho los servicios para desarrollar las fases iii y iv del marco para la implementación de la conciliación en equidad MICE, en los municipios definidos por el Ministerio de Justicia y del Derecho”. | H13: 26 | I13: 801015 801016 931415 931421 | J13: 10 de Agosto 2021 | K13: 31 de Diciembre 2021 | L13: 2021 | M13: 908526 | N13: 774000000 | O13: 851.92 | P13: =+O13*F13 -> 851.92 | Q13: En el formato 20, el postulante marcó simultáneamente las opciones afirmativa y negativa frente a ser receptor de multas o sanciones. Ambigüedad debe aclararse. | R13: No se generó obsevaciones | S13: NO CUMPLE | U13: Subsanó. | V13: Aporta formato 20 diligenciado, indicando que no tiene multas o sanciones | W13: CUMPLE | X13: =+IF(W13="CUMPLE",P13,0) -> 851.92
A14: VALORES TOTALES | P14: =SUM(P11:P13) -> 1342.08 | X14: =SUM(X11:X13) -> 1342.08
E18: Verificación | H18: CUMPLE
E19: *Verificar que Valores totales sea igual o mayor a 929,98 SMLMV

Sheet Unión Temporal Plan Jaramillo
A1: Anexo 2. Verificación de experiencia habilitante del proponente - Pestaña Unión Temporal Plan Jaramillo Versión 2.0 - Definitivo
B4: A | C4: Realización de estudios o investigaciones de caracterización municipal; o caracterización socioeconómica; o diagnósticos territoriales; que hayan implicado el procesamiento y análisis de información, aplicando técnicas de tipo cualitativo y/o cuantitativo y/o documental (encuestas, entrevistas, sesiones de grupo y revisión de información secundaria). Esta experiencia específica no exige que sea particular de una rama o sector de la economía.
B5: B | C5: Realización de estudios o investigaciones regionales o locales relacionados con: derechos humanos; o acceso a la justicia; o paz y reconciliación; o violencias basadas en género; o conflictividades; o resolución de conflictos; o diálogo institucional y social; o enfoque diferencial. Esta experiencia específica exige que tenga énfasis en los asuntos señalados.
B6: C | C6: Formulación o actualización o fortalecimiento o implementación o seguimiento del plan estratégico o plan de acción institucional o sectorial; o análisis prospectivo y de planeación estratégica. Esta experiencia específica no exige que sea particular de una rama o sector de la economía.
B7: D | C7: Formulación o actualización o implementación o seguimiento o evaluación de políticas públicas o programas, que dentro de su alcance o actividades contemplen temáticas asociadas con derechos humanos; o construcción de paz; o enfoque diferencial.
Q9: Verificación evaluación preliminar | U9: Verificación evaluación definitiva
A10: No. | B10: Tipo de experiencia (colocar letra) | C10: 1) Empresa o entidad contratante | D10: 2) Empresa o entidad contratista | E10: 3) Firma integrante que reporta la experiencia (en caso de unión temporal o consorcio) * | F10: 4) % de participación | G10: 5) Objeto del contrato | H10: 6) Número consecutivo de inscripción en RUP | I10: 7) Código con el cual se encuentra registrado el contrato en el RUP | J10: 8) Fecha de inicio | K10: 9) Fecha de terminación | L10: Año | M10: SMLMV | N10: 10) Valor total del contrato ejecutado expresado en pesos incluido I.V.A. | O10: 11). Valor total del contrato ejecutado en SMMLV | P10: Valor en SMMLV en % participación | Q10: Multas o sanciones | R10: Observaciones | S10: Cumple/No cumple | U10: Repuesta del proponente Subsanación | V10: Comentarios | W10: Respuesta del proponente segunda subsanación | X10: Comentarios segunda subsanación | Y10: Cumple / No cumple | Z10: Valor en SMMLV
A11: 1 | B11: A | C11: Bogotá Distrito Capital Secretaría Distrital | D11: Consorcio Domun | E11: JARAMILLO PÉREZ Y CONSULTORES ASOCIADOS S.A.S | F11: 0.5 | G11: APLICAR LA FICHA DE CLASIFICACIÓN SOCIOECONÓMICA CON BASE EN LA METODOLOGÍA SISBEN EN LA MODALIDAD A LA DEMANDA, INCLUIDOS LOS CASOS QUE RESULTEN POR ACCIONES DE TUTELA | H11: 102 | I11: 801015 | J11: 44386 | K11: 44659 | L11: 2022 | M11: =+VLOOKUP(L11,Tabla_Salarios,2,FALSE) -> 1000000 | N11: 3267348000 | O11: =+N11/M11 -> 3267.348 | P11: =+O11*F11 -> 1633.674 | Q11: NO | R11: No se generó ninguna observación. | S11: CUMPLE | U11: No aplica. | V11: 27/06/2023. Se acepta la observación de la Fundación Merani. La certificación evidencia la implementación del proceso de recolección por barrido, pero NO se especifica que el contrato haya implicado el procesamiento y análisis de información, aplicando técnicas de tipo cualitativo y/o cuantitativo y/o documental. Por lo cual, se corre traslado por tres (3) días para que subsane este aspecto particular. | W11: El proponente argumenta que el uso o aplicación de encuestas implica el procesamiento o análisis de información conforme lo dicho en el pliego de condiciones. De igual forma, expone que actividades como capacitaciones y la presentación de un informe final estadistico permiten acreditar la experiencia requerida. | X11: Nuevamente, se observa conforme a la propia argumentación del proponente que las actividades desarrolladas se orientaron a la recolección de información; sin observarse con claridad actividades que hayan implicado análisis o procesamiento de la misma de acuerdo con lo expuesto en la documentación aportada. | Y11: NO CUMPLE | Z11: =+IF(Y11="CUMPLE",P11,0) -> 0
A12: 2 | B12: C | C12: Findeter | D12: INGEPLAN.CO SAS | E12: No aplica | F12: 1 | G12: PRESTAR APOYO Y ASISTENCIA TECNICA AL DEPARTAMENTO DE CAQUETA, DENTRO DEL PROGRAMA DE CARRETERAS DEPARTAMENTALES QUE EJECUTARA EL FONDO DE COFINANCIACIÓN DE VIAS, PARTICULARMENTE ALREDEDOR DE LA FORMULACIÓN DE UN PLAN DE FORTALECIMIENTO INSTITUCIONAL EN ASPECTOS INSTITUCIONALES, FINANCIEROS, TECNICOS, AMBIENTALES, DE PLANEACIÓN Y GESTIÓN, CON EL FIN DE MEJORAR LA EXPLOTACIÓN, FUNCIONAMIENTO Y MANEJO DE SU RED VIAL. | H12: 16 | I12: 801015 | J12: 35370 | K12: 35489 | L12: 1997 | M12: =+VLOOKUP(L12,Tabla_Salarios,2,FALSE) -> 172005 | N12: 34478000 | O12: =+N12/M12 -> 200.44766 | P12: =+O12*F12 -> 200.44766 | Q12: NO | R12: No se generó ninguna observación. | S12: CUMPLE | U12: No aplica. | V12: No se generó ninguna observación. | W12: No aplica | X12: No aplica | Y12: CUMPLE | Z12: =+IF(Y12="CUMPLE",P12,0) -> 200.44766
B13: D | C13: Synergia Consultoria y Gestión SA | D13: Jaramillo Perez y Consultores Asociados SAS | E13: Jaramillo | F13: 1 | G13: Servicios de asesoría y consultoría para la evaluación de la política pública | H13: 40 | I13: 801015 | J13: 40714 | K13: 42175 | L13: 2015 | M13: =+VLOOKUP(L13,Tabla_Salarios,2,FALSE) -> 644350 | N13: 999998982 | O13: =+N13/M13 -> 1551.95 | P13: =+O13*F13 -> 1551.95 | Q13: NO | R13: - | S13: - | U13: - | V13: - | W13: El proponente aporta esta nueva certificación para acreditar experiencia mínima habilitante. | X13: Dentro de los anexos técnicos de la certificación se expresa que el programa tiene un componente de fortalecimiento de los servicios de salud materno-infantil; de donde se deriva la aplicación del enfoque diferencial. | Y13: CUMPLE | Z13: =+P13 -> 1551.95
B14: D | C14: Ministerio de Minas y Energía | D14: Consorcio Inplan.co SAS | E14: Ingeplan | F14: 0.5 | G14: Contratar la implementación de acciones de acompañamiento a los pequeños mineros en proceso de formalización y a titulares de pequeña minería para la obtención de la licencia ambiental a través de las siguientes tres (3) regiones. Región 1- Lote 1: Implementar acciones de acompañamiento a los pequeños mineros en proceso de formalización y a titulares de pequeña minería, para la obtención de la licencia ambiental en los departamentos de Antioquia, Bolívar, Cauca, Nariño, Chocó y municipios con Programas de Desarrollo con Enfoque Territorial PDET, de los departamentos de Cesar, Guajira, Magdalena, Sucre, Córdoba, Valle del Cauca, Caquetá, Guaviare y Putumayo. (...) | H14: 95 | I14: 801015 | J14: 44810 | K14: 44925 | L14: 2022 | M14: =+VLOOKUP(L14,Tabla_Salarios,2,FALSE) -> 1000000 | N14: 1598336600 | O14: =+N14/M14 -> 1598.3366 | P14: =+O14*F14 -> 799.1683 | Q14: NO | R14: - | S14: - | U14: - | V14: - | W14: El proponente aporta esta nueva certificación para acreditar experiencia mínima habilitante. | X14: En la certificación si bien se observa que los municipios beneficiados son de aquellos de Programas de Desarrollo con Enfoque Territorial - PDET, las actividades se refieren al acompañamiento en la formalización y obtención de licencias ambientales de pequeños mineros; no se observa propiamente la ejecución o desarrollo de formulación, actualización, implementación, seguimiento o evaluación de políticas públicas o programas. | Y14: NO CUMPLE | Z14: 0
B15: B | C15: Instituto Nacional de Vías - INVIAS | D15: Consorcio Guajira Projekta | E15: Ingeplan | F15: 0.4 | G15: Estudios de conectividad vial de la Guajira | H15: 52 | I15: 801015 | J15: 44179 | K15: 44499 | L15: 2021 | M15: =+VLOOKUP(L15,Tabla_Salarios,2,FALSE) -> 908526 | N15: 497854945 | O15: =+N15/M15 -> 547.98095 | P15: =+O15*F15 -> 219.19238 | Q15: NO | R15: - | S15: - | U15: - | V15: - | W15: El proponente aporta esta nueva certificación para acreditar experiencia mínima habilitante. | X15: En la certificación se observa el desarrollo de un estudio de conectividad vial en la Guajira, dentro de los documentos consta que este estudio tuvo un componente social y arqueologico que involucra a las comunidades Wayuu, que envuelve procesos de dialogo participativo con ellos. De donde se deriva la aplicación del enfoque diferencial étnico; por lo cual se concluy e que esta certificación cumple. | Y15: CUMPLE | Z15: =+P15 -> 219.19238
A16: VALORES TOTALES | P16: =SUM(P11:P15) -> 4404.4323 | Z16: =SUM(Z11:Z15) -> 1971.59
E20: Verificación | H20: CUMPLE
E21: *Verificar que Valores totales sea igual o mayor a 929,98 SMLMV

Sheet Ikala S.A.S BID
A1: Anexo 2. Verificación de experiencia habilitante del proponente - Pestaña Ikala S.A.S BID Versión 1.0 Definitivo
B4: A | C4: Realización de estudios o investigaciones de caracterización municipal; o caracterización socioeconómica; o diagnósticos territoriales; que hayan implicado el procesamiento y análisis de información, aplicando técnicas de tipo cualitativo y/o cuantitativo y/o documental (encuestas, entrevistas, sesiones de grupo y revisión de información secundaria). Esta experiencia específica no exige que sea particular de una rama o sector de la economía.
B5: B | C5: Realización de estudios o investigaciones regionales o locales relacionados con: derechos humanos; o acceso a la justicia; o paz y reconciliación; o violencias basadas en género; o conflictividades; o resolución de conflictos; o diálogo institucional y social; o enfoque diferencial. Esta experiencia específica exige que tenga énfasis en los asuntos señalados.
B6: C | C6: Formulación o actualización o fortalecimiento o implementación o seguimiento del plan estratégico o plan de acción institucional o sectorial; o análisis prospectivo y de planeación estratégica. Esta experiencia específica no exige que sea particular de una rama o sector de la economía.
B7: D | C7: Formulación o actualización o implementación o seguimiento o evaluación de políticas públicas o programas, que dentro de su alcance o actividades contemplen temáticas asociadas con derechos humanos; o construcción de paz; o enfoque diferencial.
Q9: Verificación evaluación preliminar | U9: Verificación evaluación definitiva
A10: No. | B10: Tipo de experiencia (colocar letra) | C10: 1) Empresa o entidad contratante | D10: 2) Empresa o entidad contratista | E10: 3) Firma integrante que reporta la experiencia (en caso de unión temporal o consorcio) * | F10: 4) % de participación | G10: 5) Objeto del contrato | H10: 6) Número consecutivo de inscripción en RUP | I10: 7) Código con el cual se encuentra registrado el contrato en el RUP | J10: 8) Fecha de inicio | K10: 9) Fecha de terminación | L10: Año | M10: SMLMV | N10: 10) Valor total del contrato ejecutado expresado en pesos incluido I.V.A. | O10: 11). Valor total del contrato ejecutado en SMMLV | P10: Valor en SMMLV en % participación | Q10: Multas o sanciones | R10: Observaciones | S10: Cumple/No cumple | U10: Repuesta del proponente Subsanación | V10: Comentarios | W10: Cumple / No cumple | X10: Valor en SMMLV
A11: 1 | B11: A | C11: Gobernación de Córdoba – Secretaría de Gestión Administrativa | D11: IKALA SAS | E11: No aplica | F11: 1 | G11: Consultoría para Apoyar a la Secretaría de Educación en el Diseño, Diagnóstico, Formulación y Gestión de la Política Pública de Primera Infancia del Departamento de Córdoba. Cont. No.547-2013 | H11: 88 | I11: 80101500 80101600 93141500 | J11: Sept. 19 de 2013 | K11: Diciembre 19 de 2013 | L11: 2013 | M11: =+VLOOKUP(L11,Tabla_Salarios,2,FALSE) -> 589500 | N11: 90000000 | O11: =+N11/M11 -> 152.67176 | P11: =+O11*F11 -> 152.67176 | Q11: NO | R11: No se encontraron las certificaciones correspondientes. | S11: NO CUMPLE | U11: El proponente no subsanó | V11: No se generó ninguna observación. | W11: NO CUMPLE | X11: =+IF(W11="CUMPLE",P11,0) -> 0
A12: 2 | B12: C | C12: Municipio de Medellín – Departamento Administrativo de Planeación | D12: IKALA SAS | E12: No aplica | F12: 1 | G12: Asesorar la Formulación del Plan Local de la Comuna 9 – Buenos Aires. Contrato No.5200001107 de 2007 | H12: 17 | I12: 80101500 80101600 93141500 | J12: Abril 16 de 2007 | K12: Octubre 15 de 2007 | L12: 2007 | M12: =+VLOOKUP(L12,Tabla_Salarios,2,FALSE) -> 433700 | N12: 55000000 | O12: =+N12/M12 -> 126.81577 | P12: =+O12*F12 -> 126.81577 | Q12: NO | R12: No se generó ninguna observación. | S12: CUMPLE | U12: No aplica | V12: No se generó ninguna observación. | W12: CUMPLE | X12: =+IF(W12="CUMPLE",P12,0) -> 126.81577
A13: 3 | B13: D | C13: Municipio de Medellín – Secretaría de Suministros y Servicios | D13: IKALA SAS | E13: No aplica | F13: 1 | G13: Desarrollar acciones para el seguimiento a la implementación de la política pública de protección integral a la infancia y adolescencia. Contrato No.4600075463 de 2018 | H13: 118 | I13: 80101500 80101600 93141500 | J13: Junio 5 de 2018 | K13: Diciembre 31 de 2018 | L13: 2018 | M13: =+VLOOKUP(L13,Tabla_Salarios,2,FALSE) -> 781242 | N13: 1452197783 | O13: =+N13/M13 -> 1858.8322 | P13: =+O13*F13 -> 1858.8322 | Q13: NO | R13: Se verificó con acta de liquidación y contrato. No se aportó certificación como tal. | S13: CUMPLE | U13: No aplica | V13: No se generó ninguna observación. | W13: CUMPLE | X13: =+IF(W13="CUMPLE",P13,0) -> 1858.8322
A14: 4 | B14: C | C14: Municipio de Medellín – Departamento Administrativo de Planeación | D14: IKALA SAS | E14: No aplica | F14: 1 | G14: Implementar el Modelo de Gestión Integral y Participativo, Soportado en el Plan de Desarrollo Local de la Comuna 9: Buenos Aires. Contrato No.4600029077 de 2010 | H14: 67 | I14: 80101500 80101600 93141500 | J14: Diciembre 14 de 2010 | K14: Agosto 13 de 2011 | L14: 2011 | M14: =+VLOOKUP(L14,Tabla_Salarios,2,FALSE) -> 535600 | N14: 264400000 | O14: =+N14/M14 -> 493.65198 | P14: =+O14*F14 -> 493.65198 | Q14: NO | R14: No se generó ninguna observación. | S14: CUMPLE | U14: No aplica | V14: No se generó ninguna observación. | W14: CUMPLE | X14: =+IF(W14="CUMPLE",P14,0) -> 493.65198
A15: VALORES TOTALES | P15: =SUM(P11:P14) -> 2631.9717 | X15: =SUM(X11:X14) -> 2479.2999
E19: Verificación | H19: CUMPLE
E20: *Verificar que Valores totales sea igual o mayor a 929,98 SMLMV

Sheet Analytica MSE S.A.S BIC
A1: Anexo 2. Verificación de experiencia habilitante del proponente - Pestaña Analytica MSE S.A.S BID Versión 2.0 - Definitivo
B4: A | C4: Realización de estudios o investigaciones de caracterización municipal; o caracterización socioeconómica; o diagnósticos territoriales; que hayan implicado el procesamiento y análisis de información, aplicando técnicas de tipo cualitativo y/o cuantitativo y/o documental (encuestas, entrevistas, sesiones de grupo y revisión de información secundaria). Esta experiencia específica no exige que sea particular de una rama o sector de la economía.
B5: B | C5: Realización de estudios o investigaciones regionales o locales relacionados con: derechos humanos; o acceso a la justicia; o paz y reconciliación; o violencias basadas en género; o conflictividades; o resolución de conflictos; o diálogo institucional y social; o enfoque diferencial. Esta experiencia específica exige que tenga énfasis en los asuntos señalados.
B6: C | C6: Formulación o actualización o fortalecimiento o implementación o seguimiento del plan estratégico o plan de acción institucional o sectorial; o análisis prospectivo y de planeación estratégica. Esta experiencia específica no exige que sea particular de una rama o sector de la economía.
B7: D | C7: Formulación o actualización o implementación o seguimiento o evaluación de políticas públicas o programas, que dentro de su alcance o actividades contemplen temáticas asociadas con derechos humanos; o construcción de paz; o enfoque diferencial.
Q9: Verificación evaluación preliminar | U9: Verificación evaluación definitiva
A10: No. | B10: Tipo de experiencia (colocar letra) | C10: 1) Empresa o entidad contratante | D10: 2) Empresa o entidad contratista | E10: 3) Firma integrante que reporta la experiencia (en caso de unión temporal o consorcio) * | F10: 4) % de participación | G10: 5) Objeto del contrato | H10: 6) Número consecutivo de inscripción en RUP | I10: 7) Código con el cual se encuentra registrado el contrato en el RUP | J10: 8) Fecha de inicio | K10: 9) Fecha de terminación | L10: Año | M10: SMLMV | N10: 10) Valor total del contrato ejecutado expresado en pesos incluido I.V.A. | O10: 11). Valor total del contrato ejecutado en SMMLV | P10: Valor en SMMLV en % participación | Q10: Multas o sanciones | R10: Observaciones | S10: Cumple/No cumple | U10: Repuesta del proponente Subsanación | V10: Comentarios | W10: Cumple / No cumple | X10: Valor en SMMLV
A11: 1 | B11: A | C11: LA REGION ADMINISTRATIVA Y DE PLANEACION ESPECIAL RAPE- REGION CENTRAL | D11: PROYECTAMOS COLOMBIA SAS | E11: No aplica | F11: 1 | G11: Realizar la caracterización de la cadena de abastecimiento alimentario para la región central de conformidad con las especificaciones técnicas definidas por la entidad. | H11: 99 | I11: 801016-811315 | J11: 43866 | K11: 43955 | L11: 2020 | M11: =+VLOOKUP(L11,Tabla_Salarios,2,FALSE) -> 877803 | N11: 413212982 | O11: =+N11/M11 -> 470.73544 | P11: =+O11*F11 -> 470.73544 | Q11: NO | R11: No se generó ninguna observación. | S11: CUMPLE | U11: No aplica | V11: No se generó ninguna observación. | W11: CUMPLE | X11: =+IF(W11="CUMPLE",P11,0) -> 470.73544
A12: 2 | B12: B | C12: Departamento Nacional de Planeación | D12: PROYECTAMOS COLOMBIA SAS | E12: No aplica | F12: 1 | G12: Diseñar una metodología que permita identificar y caracterizar diferentes tipos de conflictividades sociales a partir del trabajo de campo realizado en diferentes zonas del país, como insumo para el diseño y puesta en marcha del Sistema Integral de Gestión de Conflictividades | H12: 36 | I12: 801016-811315 | J12: 42564 | K12: 42735 | L12: 2016 | M12: =+VLOOKUP(L12,Tabla_Salarios,2,FALSE) -> 689455 | N12: 217033970 | O12: =+N12/M12 -> 314.79062 | P12: =+O12*F12 -> 314.79062 | Q12: NO | R12: No se generó ninguna observación. | S12: CUMPLE | U12: No aplica | V12: No se generó ninguna observación. | W12: CUMPLE | X12: =+IF(W12="CUMPLE",P12,0) -> 314.79062
A13: 3 | B13: B | C13: Secretaria Distrital de la mujer | D13: PROYECTAMOS COLOMBIA SAS | E13: No aplica | F13: 1 | G13: Realizar la construcción de la línea base de la Política Pública de Mujeres y Equidad de Género en el Distrito Capital. | H13: 123 | I13: 801016-811315 | J13: 44434 | K13: 44561 | L13: 2021 | M13: =+VLOOKUP(L13,Tabla_Salarios,2,FALSE) -> 908526 | N13: 1237117500 | O13: =+N13/M13 -> 1361.6754 | P13: =+O13*F13 -> 1361.6754 | Q13: NO | R13: De acuerdo a la información suministrada en el formato No.8 EL Valor total del contrato ejecutado en SMMLV 1.362 difiere por un salario mínimo para encontrarse un valor de 1.361,68 el cual se valida ante el RUP, se solicita ajustar valor en el formato. | S13: CUMPLE | U13: No aplica | V13: No se generó ninguna observación. | W13: CUMPLE | X13: =+IF(W13="CUMPLE",P13,0) -> 1361.6754
A14: VALORES TOTALES | P14: =P11+P12+P13 -> 2147.2015 | X14: =SUM(X11:X13) -> 2147.2015
E17: Verificación | H17: CUMPLE
E18: *Verificar que Valores totales sea igual o mayor a 929,98 SMLMV

Sheet Hoja1
A1: 2023 | B1: 1160000
A2: 2022 | B2: 1000000
A3: 2021 | B3: 908526
A4: 2020 | B4: 877803
A5: 2019 | B5: 828116
A6: 2018 | B6: 781242
A7: 2017 | B7: 737717
A8: 2016 | B8: 689455
A9: 2015 | B9: 644350
A10: 2014 | B10: 616000
A11: 2013 | B11: 589500
A12: 2012 | B12: 566700
... A34: 1990 | B34: 41025
